 Dungeon Crawl Stone Soup version 0.23.2-1-ga50397a (webtiles) character file.

Game seed: 4349179595843206956

124726 MalarOregon the Basher (level 16, 0/136 (137) HPs)
             Began as a Ghoul Warper on May 27, 2019.
             Was the Champion of Makhleb.
             Shot with a stone by a faun (2 damage)
             ... on level 1 of the Shoals.
             The game lasted 01:23:40 (32803 turns).

MalarOregon the Basher (Ghoul Warper)              Turns: 32803, Time: 01:23:41

HP:   0/136 (137)   AC: 23    Str: 17    XL:     16   Next: 94%
MP:   22/22         EV: 20    Int: 11    God:    Makhleb [******]
Gold: 202           SH:  0    Dex: 16    Spells: 10/25 levels left

rFire    + . .     SeeInvis +   Y - +0 great mace
rCold    + + +     Gourm    .   (shield currently unavailable)
rNeg     + + +     Faith    .   r - +4 skin of Zhor {Hibernate rC+++ SInv}
rPois    ∞         Spirit   .   T - +1 helmet {SInv}
rElec    .         Reflect  .   a - +2 cloak {rF+}
rCorr    .         Harm     .   J - +1 pair of gloves {Dex+3}
MR       +++..                  c - +0 pair of boots
Stlth    +.........             U - amulet "Gerghid" {MR++ Regen+ Dex+3}
HPRegen  0.00/turn              B - +4 ring of protection
MPRegen  0.18/turn              z - +3 ring of protection

@: very slightly contaminated, rotting, hasted, studying Maces & Flails, very
quick
A: rotting body, claws 1, carnivore, cold resistance 1, negative energy
resistance 3, inhibited regeneration, torment resistance, unbreathing
a: Minor Destruction, Lesser Servant of Makhleb, Major Destruction, Greater
Servant of Makhleb, Renounce Religion


You were on level 1 of the Shoals.
You worshipped Makhleb.
Makhleb was exalted by your worship.
You were not hungry.

You visited 5 branches of the dungeon, and saw 25 of its levels.
You also visited: Sewer, Ice Cave and Volcano.

You collected 2320 gold pieces.
You spent 2118 gold pieces at shops.

Inventory:

Hand Weapons
 w - a +1 flail of venom
   (You found it on level 3 of the Dungeon)
 K - a +1 morningstar of crushing
   (You acquired it on level 2 of the Lair of Beasts)
 N - a +3 scimitar of flaming
   (You took it off an efreet in a volcano)
 Y - a +0 great mace (weapon)
   (You found it on level 12 of the Dungeon)
Missiles
 f - 5 tomahawks of dispersal {!f}
 C - 3 javelins (quivered)
 D - 4 throwing nets {!f}
 Q - 13 tomahawks
Armour
 a - a +2 cloak of fire resistance (worn)
   (You found it in a volcano)
 c - a +0 pair of boots (worn)
   (You found it on level 4 of the Dungeon)
 r - the +4 skin of Zhor (worn) {Hibernate rC+++ SInv}
   (You found it on level 1 of the Lair of Beasts)

   It renders you almost immune to cold.
   It lets you see invisible.
 J - a +1 pair of gloves of dexterity (worn)
   (You bought it in a shop on level 9 of the Dungeon)
 T - a +1 helmet of see invisible (worn)
   (You bought it in a shop on level 1 of the Orcish Mines)
Jewellery
 i - an uncursed ring of protection from fire
   (You found it on level 1 of the Dungeon)
 o - an uncursed ring of protection from cold
   (You found it on level 6 of the Dungeon)
 z - a +3 ring of protection (right hand)
   (You found it on level 2 of the Dungeon)
 B - a +4 ring of protection (left hand)
   (You found it on level 5 of the Dungeon)
 O - an uncursed amulet of the acrobat {unknown}
   (You found it on level 3 of the Lair of Beasts)
 U - the amulet "Gerghid" (around neck) {MR++ Regen+ Dex+3}
   (You found it in an ice cave)

   [amulet of regeneration]

   It affects your dexterity (+3).
   It affects your resistance to hostile enchantments.
   It increases your rate of regeneration.
 X - a +3 ring of protection
   (You took it off a deep elf archer on level 15 of the Dungeon)
Wands
 d - a wand of iceblast (27)
   (You found it in a volcano)
 g - a wand of enslavement (21)
   (You found it on level 6 of the Dungeon)
 t - a wand of flame (43)
   (You found it on level 5 of the Dungeon)
 u - a wand of paralysis (17)
   (You found it on level 12 of the Dungeon)
 v - a wand of digging (4)
   (You found it on level 13 of the Dungeon)
 A - a wand of polymorph (16)
   (You took it off Natasha on level 4 of the Dungeon)
 L - a wand of clouds (3)
   (You found it on level 8 of the Dungeon)
 W - a wand of scattershot (5)
   (You found it on level 6 of the Lair of Beasts)
Scrolls
 b - a scroll of vulnerability {!r}
 n - 2 scrolls of fear
 p - 7 scrolls of remove curse {@r2}
 q - 8 scrolls of teleportation {@r4}
 G - a scroll of enchant weapon
 I - 3 scrolls of enchant armour
 M - 5 scrolls of blinking
 R - a scroll of identify {@r1}
 S - 4 scrolls of amnesia
 V - 2 scrolls of fog
Potions
 h - a potion of might {unknown}
 j - 13 potions of curing {@q1}
 k - a potion of flight
 l - 3 potions of magic
 m - a potion of cancellation
 s - 7 potions of haste {@q3}
 E - 3 potions of resistance
 H - 6 potions of brilliance
Books
 x - a manual of Maces & Flails {!d}
   (You bought it in a shop on level 2 of the Orcish Mines)
Miscellaneous
 y - a phial of floods
   (You found it on level 6 of the Lair of Beasts)
 F - a box of beasts
Comestibles
 e - 44 rations {!d}


   Skills:
 + Level 11.2 Fighting
 * Level 14.9 Maces & Flails
 - Level 10.0 Throwing
 + Level 10.8 Armour
 + Level 10.8 Dodging
 - Level 5.0 Spellcasting
 - Level 4.0 Translocations
 - Level 8.0 Ice Magic
 * Level 9.8 Invocations
 + Level 4.8 Evocations


You had 10 spell levels left.
You knew the following spells:

 Your Spells              Type           Power        Failure   Level  Hunger
a - Gell's Gravitas       Tloc           ##........   12%         3    ###....
b - Blink                 Tloc           N/A          6%          2    ##.....
d - Freezing Cloud        Conj/Ice/Air   #.........   100%        6    #######
v - Passage of Golubria   Tloc           N/A          38%         4    ####...

Your spell library contained the following spells:

 Spells                   Type           Power        Failure   Level  Hunger
 Lesser Beckoning         Tloc           ##........   12%         3    ###....
 Teleport Other           Tloc           ##......     12%         3    ###....
 Shroud of Golubria       Chrm/Tloc      #.........   14%         2    ##.....
 Shock                    Conj/Air       #...         22%         1    None
 Recall                   Summ/Tloc      N/A          28%         3    ###....
 Sticks to Snakes         Tmut           #.......     32%         2    ##.....
 Swiftness                Chrm/Air       #.......     32%         2    ##.....
 Ignite Poison            Fire/Tmut/Pois #.......     54%         3    ###....
 Static Discharge         Conj/Air       #.......     54%         3    ###....
 Metabolic Englaciation   Hex/Ice        ##........   75%         5    ######.
 Ozocubu's Refrigeration  Ice            ###.......   77%         6    #######
 Airstrike                Air            #.........   91%         4    ####...
 Summon Forest            Summ/Tloc      #.........   95%         5    ######.
 Aura of Abjuration       Summ           #.........   99%         5    ######.
 Fireball                 Conj/Fire      #.........   99%         5    ######.
 Lightning Bolt           Conj/Air       #.........   99%         5    ######.
 Summon Demon             Summ           #.........   99%         5    ######.
 Summon Mana Viper        Hex/Summ       #.......     99%         5    ######.
 Bolt of Cold             Conj/Ice       ##........   99%         6    #######
 Simulacrum               Ice/Necr       ##........   99%         6    #######
 Bolt of Fire             Conj/Fire      #.........   100%        6    #######
 Shadow Creatures         Summ           N/A          100%        6    #######
 Ring of Flames           Chrm/Fire      #.........   100%        7    #######
 Ignition                 Fire           #.........   100%        8    #######
 Beastly Appendage        Tmut           Unusable     N/A         1    N/A
 Ice Form                 Ice/Tmut       Unusable     N/A         4    N/A
 Spider Form              Tmut/Pois      Unusable     N/A         3    N/A
 Blade Hands              Tmut           Unusable     N/A         5    N/A

Dungeon Overview and Level Annotations

Branches:
Dungeon (15/15)            Temple (0/1) D:6            Lair (6/6) D:8
 Shoals (1/4) Lair:4       Spider (0/4) Lair:3        Slime (0/5) Lair:6
    Orc (2/2) D:10            Elf (1/3) Orc:2        Vaults (0/5) D:13
 Depths (0/5) D:15

Altars:
Dithmenos
Elyvilon
Gozag
Hepliaklqana
Makhleb
Okawaru
Ru
Vehumet
Wu Jian
Yredelemnul
Zin
Beogh
Jiyva
Lugonu

Shops:
D:9 [   D:13 *   Orc:1 [   Orc:2 *(:[


Innate Abilities, Weirdness & Mutations

Your body is rotting away.
You thrive on raw meat.
You are immune to poison.
You have sharp fingernails.
You are carnivorous and can eat meat at any time.
Your flesh is cold resistant. (rC+)
You are immune to negative energy. (rN+++)
You do not regenerate when monsters are visible.
You are immune to unholy pain and torment.
You can survive without breathing.


Message History

Your orange demon stings the water nymph from afar.
The water nymph looks as sick as possible!
Your orange demon poisons the water nymph!
The water nymph points at you and mumbles some strange words.
The water swirls and strikes you!
* * * LOW HITPOINT WARNING * * *
The merfolk avatar chants a haunting song.
You are mesmerised by the merfolk avatar!
The water nymph casts a spell at you. The water swirls and strikes you!
Blink to where?
You are very lightly contaminated with residual magic.
As you read the scroll of blinking, it crumbles to dust.
The harpy screeches!
Your ynoxinul barely misses the water nymph.
The merfolk siren chants a haunting song.
You resist with almost no effort.
The wind drake exhales a fierce blast of wind!
You are blown backwards!
The monsters around you are blown away!
Your orange demon stings the water nymph!
Your orange demon hits the water nymph but does no damage.
The wind drake flaps its wings at you. The air twists around and strikes you!
* * * LOW HITPOINT WARNING * * *
The water nymph gestures at you while chanting.
The water swirls and strikes you!
* * * LOW HITPOINT WARNING * * *
As you read the scroll of fear, it crumbles to dust.
You assume a fearsome visage.
The snapping turtle looks frightened!
The water nymph looks frightened! x2
Your orange demon is unaffected.
The merfolk looks frightened!
Your ynoxinul is unaffected.
The water nymph easily resists.
The merfolk siren looks frightened!
The faun resists with some effort.
The merfolk avatar looks frightened!
The merfolk siren looks frightened!
The wind drake looks frightened! x2
The water nymph looks frightened!
The merfolk looks frightened!
The harpy looks frightened!
The merfolk avatar stops singing.
You are no longer entranced.
A snapping turtle comes into view.
The merfolk avatar's song is interrupted.
A faun comes into view. It is wielding a +0 spear.
Your orange demon splashes around in the water. x2
The water nymph touches your orange demon.
The water nymph drowns your orange demon!
You see here 2 tomahawks.
The faun unwields a +0 quarterstaff.
The faun wields a cursed -2 hunting sling.
The faun shoots a stone.
The stone hits you.
You die...

≈≈≈≈≈≈≈≈≈≈≈.≈≈≈≈≈.≈≈≈≈....
≈≈≈≈≈≈≈≈≈≈≈≈≈≈≈≈≈≈≈≈≈≈≈≈≈.
≈≈≈≈≈≈≈≈)..P≈≈≈≈m≈≈≈≈≈≈≈≈.
≈≈≈≈≈≈≈≈.##.≈P≈≈≈≈≈tm≈c. .
≈≈≈≈≈≈≈≈..##PP≈≈≈(≈≈≈≈. ≈.
≈≈≈≈≈≈≈≈≈..P≈≈Pk≈(≈≈.## ≈..
≈≈≈≈≈≈≈...≈≈P...≈≈≈.mm# ≈≈≈≈
≈≈≈≈≈≈≈≈..≈.PP.≈(≈≈..## ≈≈≈≈≈
≈≈≈≈≈≈≈≈..≈....@≈((...##≈≈≈≈≈.
≈≈≈≈≈≈≈≈≈.P.P≈.((≈≈≈≈mt.≈≈≈≈..
≈≈≈≈≈≈≈≈≈≈PPPP(≈≈c(≈≈..≈≈≈≈...
≈≈≈≈≈≈≈≈PP≈P≈≈≈≈≈≈(m≈.≈≈≈....
≈≈≈≈≈≈≈≈PP≈PP≈≈≈≈≈≈m≈≈≈≈≈...≈
≈≈≈≈≈≈≈≈≈≈≈≈≈P≈≈≈≈k4m≈≈≈≈≈.≈≈
≈≈≈≈≈≈≈≈≈≈≈≈≈≈≈≈≈≈≈≈3≈≈≈≈≈≈≈≈
≈≈≈≈≈≈≈≈≈≈≈≈≈≈≈≈≈≈≈≈≈≈≈≈≈≈≈≈≈
≈≈≈≈≈≈≈≈≈≈≈≈≈≈≈≈≈≈≈≈≈≈


You could see a merfolk avatar (fleeing), 2 snapping turtles, 2 wind drakes, a
merfolk (fleeing), 2 fauns, 2 merfolk sirens, 4 water nymphs, a friendly orange
demon and a friendly ynoxinul.

Vanquished Creatures
  Rupert (Lair:6)
  Gastronok (Lair:1)
  Kirke (D:12)
  A frost giant (IceCv)
  An orc warlord (Orc:2)
  Snorg (Orc:1)
  A merfolk impaler (Shoals:1)
  2 ogre magi
  A yaktaur captain (D:15)
  Harold (Lair:1)
  5 vault guards
  A hell beast (D:15)
  7 hydras
  5 two-headed ogres
  A catoblepas (Lair:6)
  A dancing weapon (Elf:1)
  A tengu warrior (D:15)
  3 centaur warriors
  21 death yaks
  A deep troll shaman (Lair:6)
  An orc high priest (Orc:2)
  Urug (D:12)
  A fire crab (shapeshifter) (D:14)
  3 skeletal warriors (D:14)
  3 deep elf archers
  An unseen horror (D:14)
  A harpy (Shoals:1)
  A deep troll (D:15)
  4 orc knights
  9 deep elf magi
  An orc sorcerer (D:13)
  3 wolf spider zombies
  8 ugly things
  2 oklob plants (Lair:1)
  3 cyclopes
  5 manticores
  2 water nymphs (Shoals:1)
  A merfolk siren (Lair:4)
  7 elephants (Lair:6)
  An ice statue (IceCv)
  6 black mambas
  12 spiny frogs
  A torpor snail (Lair:6)
  An orange demon (D:15)
  2 gargoyles
  3 rime drakes
  7 komodo dragons
  2 efreet
  4 kobold demonologists
  A komodo dragon (shapeshifter) (D:13)
  A tengu conjurer (D:15)
  A red devil (D:15)
  A hornet (D:14)
  A jumping spider (Lair:3)
  18 polar bears
  A queen bee (D:11)
  5 trolls
  A raiju (shapeshifter) (D:13)
  12 blink frogs
  5 dream sheep (Lair:6)
  11 hippogriffs
  Sigmund (D:4)
  A shadow (D:11)
  A tarantella (shapeshifter) (D:13)
  A wraith (D:14)
  5 wyverns
  73 yaks
  4 hogs (D:12)
  4 fire elementals
  2 basilisks
  A redback (Lair:3)
  A human (D:6)
  6 vampire mosquitoes
  Menkaure (D:5)
  5 hungry ghosts
  11 wargs
  An acid dragon (D:14)
  11 porcupines
  8 water moccasins
  34 orc warriors
  Purgy (Sewer)
  2 ice beasts
  5 sky beasts
  2 black bears
  2 eyes of draining
  A necrophage (D:14)
  13 ogres
  4 phantoms
  25 wolves
  22 centaurs
  14 crocodiles
  20 big kobolds
  2 gnoll sergeants
  17 bullfrogs
  A wyvern skeleton (D:10)
  28 killer bees
  4 scorpions
  3 howler monkeys
  6 centaur zombies
  7 crimson imps
  4 bullfrog skeletons
  4 hounds
  4 jellies
  32 orc priests
  A gnoll shaman (Orc:2)
  21 orc wizards
  5 centaur skeletons
  3 iron imps (D:15)
  3 iguanas
  Natasha (thrice) (D:4)
  11 worker ants
  A killer bee zombie (D:6)
  A hound skeleton (D:6)
  7 gnolls
  8 adders
  2 shadow imps
  3 oozes
  2 adder skeletons
  4 worms
  2 dart slugs
  6 leopard geckos
  114 orcs
  6 bats
  13 giant cockroaches
  10 goblins
  5 hobgoblins
  4 jackals
  6 quokkas
  6 frilled lizards
  21 kobolds
  A kobold skeleton (D:6)
  8 rats
  2 plants (Lair:1)
884 creatures vanquished.

Vanquished Creatures (collateral kills)
  A crocodile (Lair:2)
1 creature vanquished.

Vanquished Creatures (others)
  Psyche (D:8)
  A phantom (D:8)
  An orc (D:8)
  A bush (Lair:5)
  7 fungi
  10 plants
21 creatures vanquished.

Grand Total: 906 creatures vanquished

Notes
Turn   | Place    | Note
-------+----------+-------------------------------------------
     0 | D:1      | MalarOregon the Ghoul Warper began the quest for the Orb.
     0 | D:1      | Reached XP level 1. HP: 17/17 MP: 2/2
    40 | D:1      | Reached skill level 1 in Throwing
    40 | D:1      | Reached skill level 1 in Armour
   121 | D:1      | Reached XP level 2. HP: 24/25 MP: 3/3
   133 | D:1      | Reached skill level 2 in Maces & Flails
   572 | D:2      | Reached XP level 3. HP: 29/30 MP: 5/5
   610 | D:2      | Found a burning altar of Makhleb.
   620 | D:2      | Noticed a cacodemon
   624 | D:2      | Noticed a neqoxec
   624 | D:2      | Noticed a hellwing
   626 | D:2      | Became a worshipper of Makhleb the Destroyer
  1396 | D:2      | Reached XP level 4. HP: 9/38 MP: 6/6
  1914 | D:3      | Reached skill level 3 in Maces & Flails
  2134 | D:3      | Reached * piety under Makhleb
  2633 | D:3      | Found an iron altar of Okawaru.
  2971 | D:4      | Found a glowing drain.
  2991 | D:4      | Reached XP level 5. HP: 44/46 MP: 7/7
  3008 | Sewer    | Entered a sewer
  3063 | Sewer    | Noticed Purgy
  3077 | Sewer    | Killed Purgy
  3185 | D:4      | Reached XP level 6. HP: 55/55 MP: 8/8
  3200 | D:4      | Reached skill level 5 in Fighting
  3200 | D:4      | Reached skill level 4 in Maces & Flails
  3369 | D:4      | Noticed Natasha
  3375 | D:4      | Killed Natasha
  3398 | D:4      | Noticed a hippogriff
  3408 | D:4      | Killed a hippogriff
  3408 | D:4      | Reached skill level 5 in Maces & Flails
  3408 | D:4      | Reached XP level 7. HP: 44/63 MP: 9/9
  3421 | D:4      | Found an opulent altar of Gozag.
  3513 | D:4      | Noticed Sigmund
  3513 | D:4      | Noticed Natasha
  3534 | D:4      | Killed Sigmund
  3553 | D:4      | Killed Natasha
  3553 | D:4      | Reached XP level 8. HP: 57/73 MP: 10/10
  3561 | D:4      | Found a hazy altar of Hepliaklqana.
  3566 | D:4      | Reached ** piety under Makhleb
  3661 | D:4      | Noticed Natasha
  3669 | D:4      | Killed Natasha
  4048 | D:5      | Entered Level 5 of the Dungeon
  4160 | D:5      | Reached skill level 6 in Maces & Flails
  4185 | D:5      | Noticed Menkaure
  4206 | D:5      | Killed Menkaure
  4580 | D:5      | Found a radiant altar of Vehumet.
  4635 | D:5      | Reached skill level 7 in Maces & Flails
  4874 | D:5      | Found a sacrificial altar of Ru.
  5325 | D:6      | Reached XP level 9. HP: 82/82 MP: 11/11
  5423 | D:6      | Found a staircase to the Ecumenical Temple.
  5613 | D:6      | Found a runed translucent door.
  5622 | D:6      | Found a basalt altar of Yredelemnul.
  5741 | D:7      | Reached skill level 8 in Maces & Flails
  5895 | D:7      | Reached *** piety under Makhleb
  5895 | D:7      | Reached skill level 10 in Fighting
  5900 | D:7      | Learned a level 2 spell: Blink
  5904 | D:7      | Learned a level 3 spell: Gell's Gravitas
  5909 | D:7      | Learned a level 4 spell: Passage of Golubria
  5991 | D:7      | Reached skill level 1 in Invocations
  5993 | D:7      | Reached skill level 1 in Evocations
  6219 | D:7      | Found a glowing silver altar of Zin.
  6626 | D:8      | Reached XP level 10. HP: 93/93 MP: 12/12
  6639 | D:8      | Got a pitted long sword
  6683 | D:8      | Noticed a two-headed ogre
  6885 | D:8      | Found a staircase to the Lair.
  6974 | D:8      | Found an ornate altar of the Wu Jian Council.
  6987 | D:8      | Noticed Psyche
  7002 | D:8      | Your ally died
  7066 | D:8      | Killed a two-headed ogre
  7066 | D:8      | Reached skill level 9 in Maces & Flails
  7422 | Lair:1   | Entered Level 1 of the Lair of Beasts
  7450 | Lair:1   | Found a dark tunnel.
  7460 | Volcano  | Entered a volcano
  7556 | Volcano  | Reached **** piety under Makhleb
  7773 | Lair:1   | Identified the cursed +3 long sword of Mandamus {freeze,
                  | rPois MP+9} (You found it on level 8 of the Dungeon)
  7839 | Lair:1   | Reached XP level 11. HP: 80/98 MP: 13/13
  7861 | Lair:1   | Noticed Harold
  7911 | Lair:1   | Killed Harold
  8623 | Lair:1   | Found the +4 skin of Zhor {Hibernate rC+++ SInv}
  8624 | Lair:1   | Noticed an oklob plant
  8625 | Lair:1   | Noticed an oklob plant
  8932 | Lair:1   | Killed an oklob plant
  8948 | Lair:1   | Killed an oklob plant
  8948 | Lair:1   | Reached skill level 5 in Dodging
  9146 | Lair:1   | Noticed Gastronok
  9176 | Lair:1   | Killed Gastronok
  9176 | Lair:1   | Reached skill level 5 in Throwing
  9176 | Lair:1   | Reached skill level 5 in Armour
  9603 | Lair:2   | Reached skill level 10 in Maces & Flails
  9767 | Lair:2   | HP: 3/99 [spiny frog (14)]
  9807 | Lair:2   | Found a gate leading to a gauntlet.
  9916 | Lair:2   | Found a frozen archway.
  9926 | IceCv    | Entered an ice cave
  9957 | IceCv    | Reached XP level 12. HP: 83/106 MP: 14/14
 10509 | IceCv    | Reached ***** piety under Makhleb
 10594 | IceCv    | Noticed a death yak
 10639 | IceCv    | Killed a death yak
 10743 | IceCv    | Noticed a frost giant
 10759 | IceCv    | Reached skill level 11 in Maces & Flails
 10770 | IceCv    | Killed a frost giant
 10813 | IceCv    | Reached XP level 13. HP: 76/113 MP: 15/15
 10839 | IceCv    | Got a crude jade amulet
 11891 | Lair:2   | Identified a scroll of acquirement
 12249 | Lair:3   | Identified the amulet "Gerghid" {MR++ Regen+ Dex+3} (You
                  | found it in an ice cave)
 13908 | Lair:3   | Found a hole to the Spider Nest.
 14188 | Lair:4   | Learned a level 6 spell: Freezing Cloud
 14517 | Lair:4   | Got a crystal war axe
 15444 | Lair:3   | Found a hole to the Spider Nest.
 15984 | Lair:4   | Found a staircase to the Shoals.
 16795 | Lair:5   | Reached skill level 12 in Maces & Flails
 17343 | Lair:5   | Reached XP level 14. HP: 59/121 MP: 16/16
 17530 | Lair:6   | Entered Level 6 of the Lair of Beasts
 17840 | Lair:6   | Found a viscous altar of Jiyva.
 17841 | Lair:6   | Found a staircase to the Slime Pits.
 18506 | Lair:4   | Reached skill level 1 in Ice Magic
 19131 | Lair:4   | Found a staircase to the Shoals.
 20655 | Lair:6   | Noticed Rupert
 20674 | Lair:6   | Killed Rupert
 20974 | Lair:6   | Reached skill level 10 in Dodging
 21187 | Lair:6   | Reached skill level 10 in Throwing
 21218 | Lair:6   | Reached skill level 5 in Invocations
 21307 | Lair:6   | Reached skill level 10 in Armour
 21414 | Lair:6   | Reached XP level 15. HP: 126/126 MP: 18/18
 21830 | D:9      | Found a roughly hewn altar of Beogh.
 22089 | D:9      | Found Ukuner's Armour Shoppe.
 22123 | D:9      | Bought a +1 pair of gloves of dexterity for 214 gold pieces
 22151 | D:9      | Reached ****** piety under Makhleb
 22489 | D:9      | Found a burning altar of Makhleb.
 22489 | D:9      | Found a shadowy altar of Dithmenos.
 22510 | D:9      | Found a white marble altar of Elyvilon.
 22644 | D:10     | Entered Level 10 of the Dungeon
 22773 | D:10     | Reached skill level 13 in Maces & Flails
 22867 | D:10     | Found a staircase to the Orcish Mines.
 23413 | Orc:1    | Entered Level 1 of the Orcish Mines
 23505 | Orc:1    | Noticed Snorg
 23525 | Orc:1    | Killed Snorg
 23662 | Orc:1    | Reached skill level 5 in Ice Magic
 23829 | Orc:1    | Found Hyell's Antique Armour Shoppe.
 23837 | Orc:1    | Bought a shiny helmet for 187 gold pieces
 24099 | Orc:2    | Entered Level 2 of the Orcish Mines
 24099 | Orc:2    | Found a roughly hewn altar of Beogh.
 24262 | Orc:2    | Found a roughly hewn altar of Beogh.
 24584 | Orc:2    | Noticed an orc warlord
 24627 | Orc:2    | Killed an orc warlord
 24679 | Orc:2    | Found a staircase to the Elven Halls.
 24696 | Orc:2    | Found a roughly hewn altar of Beogh.
 24841 | Orc:2    | Found a roughly hewn altar of Beogh.
 25059 | Orc:2    | Found Boxtunke's Antique Weapon Shop.
 25071 | Orc:2    | Found a roughly hewn altar of Beogh.
 25072 | Orc:2    | Found Upuricogy's Antique Armour Boutique.
 25299 | Orc:2    | Found a roughly hewn altar of Beogh.
 25300 | Orc:2    | Found Teifo's Book Shop.
 25308 | Orc:2    | Bought a manual of Maces & Flails for 1435 gold pieces
 25366 | Orc:2    | Found a roughly hewn altar of Beogh.
 25375 | Orc:2    | Found Hoirph's Assorted Antiques.
 25527 | Orc:2    | Bought a scroll of teleportation for 54 gold pieces
 25646 | Elf:1    | Entered Level 1 of the Elven Halls
 27272 | D:12     | Noticed Urug
 27292 | D:12     | Killed Urug
 27367 | D:12     | Noticed Kirke
 27399 | D:12     | Killed Kirke
 27990 | D:13     | Reached XP level 16. HP: 135/135 MP: 21/21
 28585 | D:13     | Found Qitonabe's General Store.
 28588 | D:13     | Bought a wand of paralysis (10) for 228 gold pieces
 29108 | D:13     | Got a smoking plate armour
 29153 | D:13     | Reached skill level 14 in Maces & Flails
 29163 | D:13     | Found a gate to the Vaults.
 29584 | D:14     | Reached skill level 5 in Spellcasting
 30637 | D:15     | Entered Level 15 of the Dungeon
 30941 | D:15     | HP: 3/136 [centaur warrior/arrow (12)]
 31605 | D:15     | Found a staircase to the Depths.
 31776 | D:15     | Found a corrupted altar of Lugonu.
 32036 | D:15     | Identified the cursed +1 plate armour "Besidgh" {rF+ Dex+3
                  | Slay+2} (You found it on level 13 of the Dungeon)
 32447 | Shoals:1 | Entered Level 1 of the Shoals
 32800 | Shoals:1 | HP: 6/136 [wind drake/the air (4)]
 32800 | Shoals:1 | HP: 2/136 [water nymph/the raging water (4)]
 32803 | Shoals:1 | Shot with a stone by a faun

Skill      XL: |  1  2  3  4  5  6  7  8  9 10 11 12 13 14 15 16 |
---------------+-------------------------------------------------+-----
Throwing       | 1 2 3 5 7 9 10 | 10.0
Armour         | 1 3 5 7 9 10 | 10.8
Dodging        | 2 4 6 7 9 10 | 10.8
Maces & Flails | 2 3 5 7 8 9 10 11 12 13 14 | 14.9
Spellcasting   | 2 4 5 |  5.0
Fighting       | 3 4 6 7 8 10 11 | 11.2
Invocations    | 2 4 5 7 9 |  9.8
Evocations     | 1 3 4 |  4.8
Ice Magic      | 4 6 8 |  8.0
Translocations | 4 |  4.0

Action                   |  1- 3 |  4- 6 |  7- 9 | 10-12 | 13-15 | 16-18 || total
-------------------------+-------+-------+-------+-------+-------+-------++-------
Melee: Mace              |   162 |    59 |    12 |    47 |       |       ||   280
       Flail             |       |    74 |   387 |   816 |  2428 |   375 ||  4080
       Hand axe          |       |       |     2 |    37 |       |       ||    39
       Whip              |       |       |       |    27 |       |       ||    27
       Morningstar       |       |       |       |       |   275 |    49 ||   324
       Scimitar          |       |       |       |       |     4 |       ||     4
       Great mace        |       |       |       |       |       |   464 ||   464
Throw: Tomahawk          |       |       |       |     5 |       |    15 ||    20
       Javelin           |       |       |       |     2 |     5 |    36 ||    43
 Cast: Blink             |       |       |       |       |     8 |     2 ||    10
       Gell's Gravitas   |       |       |       |       |     1 |       ||     1
Invok: Lesser Servant of |       |       |       |       |       |     2 ||     2
Evoke: Wand              |       |       |       |    16 |    19 |     2 ||    37
  Use: Scroll            |       |    11 |     2 |     6 |    17 |     9 ||    45
       Potion            |       |       |       |     2 |     1 |     4 ||     7
 Stab: Paralysed         |       |       |       |    28 |       |       ||    28
       Invisible         |       |       |       |     4 |       |       ||     4
       Distracted        |       |       |       |     1 |     1 |     1 ||     3
       Petrified         |       |       |       |       |     1 |       ||     1
       Sleeping          |       |       |       |       |     2 |       ||     2
  Eat: Chunk             |     6 |     9 |    18 |   124 |   119 |    18 ||   294
       Ration            |     1 |       |       |     1 |     2 |     1 ||     5
Armor: Leather armour    |    65 |    50 |       |   398 |    20 |       ||   533
       Troll leather arm |       |    10 |   161 |       |       |       ||   171
       Plate armour      |       |       |    72 |   124 |       |       ||   196
       Animal skin       |       |       |       |       |   830 |   393 ||  1223
Dodge: Dodged            |   144 |   112 |   263 |   635 |  2091 |   957 ||  4202
